 Dungeon Crawl Stone Soup version 0.23.1 (webtiles) character file.

Game seed: 0

1329910 Forgol the Swordmaster (level 27, -1/319 (327) HPs)
             Began as a Minotaur Fighter on Mar 13, 2019.
             Was the Champion of the Shining One.
             Engulfed by an ushabti's foul pestilence (4 damage)
             ... on level 2 of the Tomb of the Ancients on Mar 15, 2019.
             The game lasted 06:59:55 (99995 turns).

Forgol the Swordmaster (Minotaur Fighter)          Turns: 99995, Time: 06:59:55

HP:   -1/319 (327)  AC: 49    Str: 48    XL:     27
MP:   43/48         EV: 29    Int: 13    God:    the Shining One [******]
Gold: 12743         SH: 56    Dex: 19    Spells: 39/46 levels left

rFire    + + +     SeeInvis +   x - +7 Singing Sword {slice, sonic wave}
rCold    + + +     Gourm    .   Y - +3 large shield {reflect}
rNeg     + + +     Faith    .   V - +12 gold dragon scales
rPois    +         Spirit   .   (helmet unavailable)
rElec    +         Reflect  +   d - +0 cloak of the Nightingale {rElec Str+4}
rCorr    +         Harm     .   X - +2 pair of gloves of the Swamp {rC++ Int+4}
MR       +++..                  u - +0 pair of boots of the Armadillo {rPois rCorr MP+9}
Stlth    ..........             j - amulet "Goewiesyju" {+Rage rElec rF++ rC+ Dex+2}
HPRegen  0.00/turn              i - ring "Xelabemmaat" {MR+ Str+5 Dex+3 Stlth+}
MPRegen  0.31/turn              R - ring of Lilacs {rF+ rN++ Str+4 Int+4 SInv}

@: berserking, lethally poisoned (-1 -> -33), divine shield, marked, very
slightly contaminated, non-regenerating, diseased, slowed, glowing, studying
Axes
A: retaliatory headbutt, horns 3, large bone plates 1, slimy green scales 1,
cold resistance 1, fire resistance 1, frail 2
}: 14/15 runes: decaying, slimy, silver, iron, obsidian, icy, bone, abyssal,
demonic, glowing, magical, fiery, dark, gossamer
a: Divine Shield, Cleansing Flame, Summon Divine Warrior, Renounce Religion,
Evoke Berserk Rage


You were on level 2 of the Tomb of the Ancients.
You worshipped the Shining One.
The Shining One was exalted by your worship.
You were hungry.

You visited 17 branches of the dungeon, and saw 84 of its levels.
You visited Pandemonium 2 times, and saw 19 of its levels.
You visited the Abyss 1 time.
You also visited: Trove, Sewer, Bailey and Ice Cave.

You collected 14483 gold pieces.
You spent 1740 gold pieces at shops.

Inventory:

Hand Weapons
 s - a +9 double sword of holy wrath
 x - the +7 Singing Sword (weapon) {slice, sonic wave}
   (You found it on level 12 of the Dungeon)

   It inflicts extra damage upon your enemies.
Armour
 d - the +0 cloak of the Nightingale (worn) {rElec Str+4}
   (You found it in a treasure trove)

   It affects your strength (+4).
   It insulates you from electricity.
 h - the +0 hat "Fujum" {MR+ Dex+4}
   (You acquired it on level 3 of the Elven Halls)

   It affects your dexterity (+4).
   It affects your resistance to hostile enchantments.
 u - the +0 pair of boots of the Armadillo (worn) {rPois rCorr MP+9}
   (Okawaru gifted it to you on level 2 of the Vaults)

   It protects you from poison.
   It affects your magic capacity (+9).
   It provides partial protection from all sources of acid and corrosion.
 T - the +0 pair of boots "Ashreupte" {*Drain rElec rF+++ Str-2}
   (You acquired it on level 8 of the Dungeon)

   It affects your strength (-2).
   It renders you almost immune to fire.
   It insulates you from electricity.
   It causes draining when unequipped.
 V - +12 gold dragon scales (worn)
 X - the +2 pair of gloves of the Swamp (worn) {rC++ Int+4}
   (Okawaru gifted it to you on level 5 of the Vaults)

   It affects your intelligence (+4).
   It greatly protects you from cold.
 Y - a +3 large shield of reflection (worn)
Jewellery
 i - the ring "Xelabemmaat" (left hand) {MR+ Str+5 Dex+3 Stlth+}
   (You bought it in a shop on level 5 of the Vaults)

   [ring of protection from magic]

   It affects your strength (+5).
   It affects your dexterity (+3).
   It affects your resistance to hostile enchantments.
   It makes you more stealthy.
 j - the amulet "Goewiesyju" (around neck) {+Rage rElec rF++ rC+ Dex+2}
   (You found it in a treasure trove)

   [amulet of rage]

   It affects your dexterity (+2).
   It greatly protects you from fire.
   It protects you from cold.
   It insulates you from electricity.
   It lets you go berserk.
 A - the ring of the Final Decision {*Corrode rF+ Str+4 Dex+4}
   (You found it on level 5 of the Pits of Slime)

   [ring of protection from fire]

   It affects your strength (+4).
   It affects your dexterity (+4).
   It protects you from fire.
   It may corrode you when you take damage.
 E - the ring "Lutsoyze" {+Inv rF+ MR+ Slay+3}
   (You found it on level 5 of the Pits of Slime)

   [ring of protection from fire]

   It affects your accuracy and damage with ranged weapons and melee attacks
   (+3).
   It protects you from fire.
   It affects your resistance to hostile enchantments.
   It lets you turn invisible.
 R - the ring of Lilacs (right hand) {rF+ rN++ Str+4 Int+4 SInv}
   (You found it on level 3 of the Swamp)

   [ring of intelligence]

   It affects your strength (+4).
   It affects your intelligence (+4).
   It protects you from fire.
   It greatly protects you from negative energy.
   It lets you see invisible.
 W - the ring of Ybbejios {MR+ Str+7}
   (You found it in Pandemonium)

   [ring of protection from magic]

   It affects your strength (+7).
   It affects your resistance to hostile enchantments.
Wands
 a - a wand of flame (175)
 k - a wand of acid (74)
 v - a wand of polymorph (60)
 B - a wand of enslavement (13)
 D - a wand of paralysis (46)
 F - a wand of disintegration (26)
 G - a wand of scattershot (14)
 I - a wand of digging (29)
 L - a wand of iceblast (78)
Scrolls
 e - 43 scrolls of remove curse
 o - 20 scrolls of teleportation
 q - 6 scrolls of summoning
 t - 11 scrolls of blinking
 y - 24 scrolls of identify
 z - 5 scrolls of holy word
 C - 4 scrolls of enchant weapon
 H - 2 scrolls of amnesia
 P - 14 scrolls of fear
 Q - a scroll of silence
 S - 11 scrolls of fog
Potions
 b - 7 potions of haste
 g - 13 potions of brilliance
 l - 3 potions of resistance
 m - 4 potions of flight
 n - 8 potions of cancellation
 p - 9 potions of magic
 J - 12 potions of ambrosia
 K - 12 potions of might
 M - 8 potions of curing
 N - 9 potions of berserk rage
 O - 8 potions of agility
 Z - 6 potions of mutation
Books
 c - a manual of Axes
Comestibles
 f - 73 rations


   Skills:
 O Level 27 Fighting
 O Level 27 Long Blades
 O Level 27 Armour
 O Level 27 Dodging
 O Level 27 Shields
 * Level 10.1 Spellcasting
 * Level 12.2 Transmutations
 + Level 26.4 Invocations
 + Level 23.6 Evocations


You had 39 spell levels left.
You knew the following spells:

 Your Spells              Type           Power        Failure   Level  Hunger
a - Dragon Form           Tmut           #####.....   87%         7    #######

Your spell library contained the following spells:

 Spells                   Type           Power        Failure   Level  Hunger
 Beastly Appendage        Tmut           #####.       1%          1    None
 Sticks to Snakes         Tmut           #####...     1%          2    None
 Passwall                 Tmut/Erth      ###.....     3%          2    None
 Blade Hands              Tmut           #####.....   6%          5    #####..
 Spider Form              Tmut/Pois      ###.......   8%          3    #......
 Ignite Poison            Fire/Tmut/Pois ###.....     19%         3    #......
 Ice Form                 Ice/Tmut       ###.....     26%         4    ###....
 Petrify                  Tmut/Erth      ###.....     26%         4    ###....
 Animate Skeleton         Necr           N/A          32%         1    None
 Apportation              Tloc           #.....       32%         1    None
 Confusing Touch          Hex            #.....       32%         1    None
 Corona                   Hex            #......      32%         1    None
 Flame Tongue             Conj/Fire      #....        32%         1    None
 Freeze                   Ice            #...         32%         1    None
 Infusion                 Chrm           #...         32%         1    None
 Magic Dart               Conj           #...         32%         1    None
 Sandblast                Erth           #.....       32%         1    None
 Shock                    Conj/Air       #...         32%         1    None
 Sting                    Conj/Pois      #...         32%         1    None
 Summon Butterflies       Summ           #.......     32%         1    None
 Summon Small Mammal      Summ           #...         32%         1    None
 Hydra Form               Tmut           #####.....   32%         6    ######.
 Blink                    Tloc           N/A          43%         2    None
 Call Imp                 Summ           #.......     43%         2    None
 Corpse Rot               Necr           N/A          43%         2    None
 Ensorcelled Hibernation  Hex/Ice        #.....       43%         2    None
 Poisonous Vapours        Pois/Air       #.....       43%         2    None
 Searing Ray              Conj           #.....       43%         2    None
 Shroud of Golubria       Chrm/Tloc      #.........   43%         2    None
 Slow                     Hex            #.......     43%         2    None
 Song of Slaying          Chrm           #.......     43%         2    None
 Sublimation of Blood     Necr           #.........   43%         2    None
 Swiftness                Chrm/Air       #.......     43%         2    None
 Throw Flame              Conj/Fire      #.....       43%         2    None
 Throw Frost              Conj/Ice       #.....       43%         2    None
 Alistair's Intoxication  Tmut/Pois      ###.....     56%         5    #####..
 Irradiate                Conj/Tmut      ###.......   56%         5    #####..
 Yara's Violent Unravell  Hex/Tmut       ###.......   56%         5    #####..
 Call Canine Familiar     Summ           #.......     67%         3    #......
 Confuse                  Hex            #.......     67%         3    #......
 Conjure Flame            Conj/Fire      #.......     67%         3    #......
 Dazzling Spray           Conj/Hex       #.....       67%         3    #......
 Gell's Gravitas          Tloc           #.........   67%         3    #......
 Inner Flame              Hex/Fire       #.......     67%         3    #......
 Lesser Beckoning         Tloc           #.........   67%         3    #......
 Mephitic Cloud           Conj/Pois/Air  #.......     67%         3    #......
 Ozocubu's Armour         Chrm/Ice       #.......     67%         3    #......
 Portal Projectile        Hex/Tloc       #.....       67%         3    #......
 Recall                   Summ/Tloc      N/A          67%         3    #......
 Regeneration             Chrm/Necr      #.........   67%         3    #......
 Spectral Weapon          Hex/Chrm       #.......     67%         3    #......
 Static Discharge         Conj/Air       #.......     67%         3    #......
 Stone Arrow              Conj/Erth      #.....       67%         3    #......
 Summon Guardian Golem    Hex/Summ       #.......     67%         3    #......
 Teleport Other           Tloc           #.......     67%         3    #......
 Tukima's Dance           Hex            #.......     67%         3    #......
 Vampiric Draining        Necr           #.........   67%         3    #......
 Airstrike                Air            #.........   97%         4    ###....
 Cause Fear               Hex            #.........   97%         4    ###....
 Force Lance              Conj/Tloc      #.......     97%         4    ###....
 Fulminant Prism          Conj/Hex       #.........   97%         4    ###....
 Iskenderun's Mystic Bla  Conj           #.......     97%         4    ###....
 Leda's Liquefaction      Hex/Erth       #.........   97%         4    ###....
 Olgreb's Toxic Radiance  Pois           #.......     97%         4    ###....
 Passage of Golubria      Tloc           N/A          97%         4    ###....
 Sticky Flame             Conj/Fire      #.......     97%         4    ###....
 Summon Ice Beast         Ice/Summ       #.......     97%         4    ###....
 Summon Lightning Spire   Summ/Air       #.......     97%         4    ###....
 Throw Icicle             Conj/Ice       #.......     97%         4    ###....
 Statue Form              Tmut/Erth      ###......    98%         6    ######.
 Agony                    Necr           #.......     100%        5    #####..
 Bolt of Draining         Conj/Necr      #.........   100%        5    #####..
 Bolt of Magma            Conj/Fire/Erth #.........   100%        5    #####..
 Borgnjor's Vile Clutch   Necr/Erth      #.........   100%        5    #####..
 Dispel Undead            Necr           #.......     100%        5    #####..
 Excruciating Wounds      Chrm/Necr      #.........   100%        5    #####..
 Fireball                 Conj/Fire      #.........   100%        5    #####..
 Iskenderun's Battlesphe  Conj/Chrm      #.......     100%        5    #####..
 Lee's Rapid Deconstruct  Erth           #.........   100%        5    #####..
 Lightning Bolt           Conj/Air       #.........   100%        5    #####..
 Metabolic Englaciation   Hex/Ice        #.........   100%        5    #####..
 Silence                  Hex/Air        #.........   100%        5    #####..
 Venom Bolt               Conj/Pois      #.........   100%        5    #####..
 Bolt of Cold             Conj/Ice       #.........   100%        6    ######.
 Bolt of Fire             Conj/Fire      #.........   100%        6    ######.
 Conjure Ball Lightning   Conj/Air       #.........   100%        6    ######.
 Darkness                 Hex            #.........   100%        6    ######.
 Deflect Missiles         Chrm/Air       #.........   100%        6    ######.
 Dispersal                Tloc           #.........   100%        6    ######.
 Freezing Cloud           Conj/Ice/Air   #.........   100%        6    ######.
 Invisibility             Hex            #.......     100%        6    ######.
 Iron Shot                Conj/Erth      #.........   100%        6    ######.
 Ozocubu's Refrigeration  Ice            #.........   100%        6    ######.
 Shadow Creatures         Summ           N/A          100%        6    ######.
 Malign Gateway           Summ/Tloc      #.........   100%        7    #######
 Orb of Destruction       Conj           #.........   100%        7    #######
 Ring of Flames           Chrm/Fire      #.........   100%        7    #######
 Spellforged Servitor     Conj/Summ      #.........   100%        7    #######
 Controlled Blink         Tloc           N/A          100%        8    #######
 Disjunction              Tloc           #.........   100%        8    #######
 Ignition                 Fire           #.........   100%        8    #######
 Shatter                  Erth           #.........   100%        9    #######
 Tornado                  Air            #.........   100%        9    #######


Dungeon Overview and Level Annotations

Branches:
Dungeon (15/15)            Temple (1/1) D:5            Lair (6/6) D:8
  Swamp (4/4) Lair:2       Spider (4/4) Lair:4        Slime (5/5) Lair:6
    Orc (2/2) D:10            Elf (3/3) Orc:2        Vaults (5/5) D:13
  Crypt (3/3) Vaults:3       Tomb (2/3) Crypt:3      Depths (5/5) D:15
   Hell (1/1)                 Dis (7/7) Hell            Geh (7/7) Hell
    Coc (7/7) Hell            Tar (7/7) Hell            Zot (0/5) Depths:5

Altars:
Ashenzari
Cheibriados
Dithmenos
Elyvilon
Fedhas
Gozag
Hepliaklqana
Kikubaaqudgha
Makhleb
Nemelex Xobeh
Okawaru
Qazlal
Ru
Sif Muna
Trog
Uskayaw
Vehumet
Wu Jian
Xom
Yredelemnul
Zin
The Shining One
Beogh
Jiyva

Shops:
D:6 %   D:12 [!%*   Orc:2 !(**   Elf:1 !   Elf:2 [   Vaults:2 %   Vaults:3 }
Vaults:5 }(!=

Portals:
Hell: Depths:1 Depths:2 Depths:3 Depths:4 Depths:5
Abyss: Depths:4
Pandemonium: Depths:4
Ziggurat: Depths:5

Annotations:
D:5 1 runed translucent door
Depths:5 2 runed translucent doors, acidapple's ghost, veteran HaHu
Coc:7 exclusion: ice statue


Innate Abilities, Weirdness & Mutations

You reflexively headbutt those who attack you in melee.
You have a pair of large horns on your head.
You are partially covered in large bone plates. (SH +4)
You are partially covered in slimy green scales. (AC +2)
Your flesh is cold resistant. (rC+)
Your flesh is heat resistant. (rF+)
You are very frail. (-20% HP)


Message History

As you read the scroll of blinking, it crumbles to dust.
* * * LOW HITPOINT WARNING * * *
You feel very sick.
The fire giant zombie enters a dispersal trap!
The chaos spawn blinks!
You blink.
The fire giant zombie blinks!
Unknown command.
A red film seems to cover your vision as you go berserk!
You feel yourself moving faster!
You feel mighty!
You are feeling hungry.
* * * LOW HITPOINT WARNING * * *
You feel very sick.
You block the fire giant zombie's attack.
The ushabti shakes and rattles.
The vile air hits you but does no damage.
The vile air hits the fire giant zombie.
You slice the fire giant zombie!!
The fire giant zombie is heavily damaged.
You are engulfed in dark miasma.
You feel your flesh rotting away!
You die...

#..^.^#..##.....##.##
#....^#........##...#
#.^...#.(............
#.....#..............
#.....#......##......
#.^...#......##......
###'###..#.........(.
#.....#.##...........
#..8@Z#.#........[)..
#.....#..............
#†$^4.#.#............
#(...<#.##.......(..)
#.....#..#...........
#..(..#.^....##......
#..†°.#......##.^....
#..4..#..[.......^...
#..§☼.#..............


You could see an ushabti, 2 chaos spawn and a fire giant zombie.

Vanquished Creatures
  Cerebov (Pan)
  Asmodeus (Geh:7)
  the Royal Jelly (Slime:5)
  Antaeus (Coc:7)
  Gloorx Vloq (Pan)
  Dissolution (Slime:4)
  Ereshkigal (Tar:7)
  the Serpent of Hell (Coc:7)
  Mnoleg (Pan)
  Lom Lobon (Pan)
  Dispater (Dis:7)
  A juggernaut (Depths:2)
  Mennas (Depths:5)
  14 pandemonium lords (Pan)
  5 ancient liches
  Sojobo (Vaults:3)
  18 greater mummies
  Frederick (Vaults:2)
  13 shard shrikes
  Xtahua (Depths:5)
  Saint Roka (Vaults:3)
  3 golden dragons (Vaults:5)
  Geryon (Hell)
  The ghost of Grim the Phalangite, an adept MiBe of Trog (Depths:4)
  Nikola (Depths:1)
  3 profane servitors
  6 bone dragons
  Jory (Crypt:2)
  3 doom hounds
  27 Tzitzimimeh
  6 iron giants
  31 Brimstone Fiends
  Jorgrun (Orc:1)
  7 tentacled monstrosities
  23 Ice Fiends
  13 liches
  Rupert (Lair:6)
  Asterion (Vaults:2)
  22 Hell Sentinels
  4 deep elf blademasters
  13 titans
  10 acid blobs
  6 deep elf master archers
  32 Executioners
  9 sphinxes
  4 eldritch tentacles
  6 tentacled starspawn
  100 large abominations
  3 quicksilver dragons
  Kirke (D:13)
  Gastronok (Lair:1)
  Agnes (Vaults:2)
  Donald (Vaults:3)
  4 shadow dragons
  A storm dragon (Vaults:5)
  15 ancient champions
  A draconian monk (Depths:5)
  4 thorn hunters
  12 tengu reavers
  A daeva (Abyss:1)
  12 revenants
  17 frost giants
  12 azure jellies
  2 draconian knights
  26 fire giants
  10 vault wardens
  16 deep elf sorcerers
  11 iron dragons
  4 orc warlords
  26 cacodemons (Pan)
  46 balrugs
  6 emperor scorpions
  16 warmongers (Pan)
  Aizul (Swamp:2)
  3 curse skulls
  4 ghost moths
  6 deep elf elementalists
  The ghost of Nuepoake the Grappler, a journeyman NaTm of Cheibriados (Lair:6)
  21 ironheart preservers
  4 draconian annihilators
  32 very ugly things
  21 stone giants
  4 elemental wellsprings (Coc:7)
  2 spriggan defenders (Depths:2)
  79 reapers
  9 entropy weavers
  15 blood saints (Pan)
  19 war gargoyles
  9 black suns (Pan)
  7 vampire knights
  5 bennus
  13 corrupters (Pan)
  A red draconian (Depths:5)
  5 deep elf demonologists
  A black draconian (Depths:5)
  Azrael (Spider:1)
  3 purple draconians
  6 dire elephants (Lair:6)
  10 deep elf annihilators
  7 spark wasps
  A white draconian (D:15)
  34 lorocyprocas
  12 ettins
  5 yellow draconians
  53 blizzard demons
  3 eidola
  4 death oozes (Slime:5)
  9 deep elf death magi
  10 mummy priests
  14 green deaths
  11 deep elf high priests
  7 quicksilver dragon zombies
  A kraken zombie (Hell)
  28 small abominations
  Josephine (D:15)
  The ghost of barcode the Thaumaturge, a journeyman DsFE of Sif Muna (Lair:3)
  9 fire dragons
  7 rakshasas
  7 great orbs of eyes
  9 jiangshi
  24 hydras
  2 spectral krakens (Tar:7)
  21 yaktaur captains
  7 hell beasts
  16 monstrous demonspawn (Pan)
  10 ogre magi
  2 naga warriors (Abyss:1)
  28 ice dragons
  3 quicksilver dragon skeletons
  An anaconda (Lair:6)
  2 spriggan air magi (Depths:2)
  2 juggernaut simulacra (Pan)
  26 vault guards
  3 ghost crabs
  3 shambling mangroves
  11 centaur warriors
  An alligator snapping turtle (shapeshifter) (Depths:4)
  34 dancing weapons
  3 death yaks (Lair:4)
  29 two-headed ogres
  A satyr (shapeshifter) (Abyss:4)
  6 tengu warriors
  5 death knights
  19 alligators
  12 vampire magi
  10 deep troll earth magi
  3 deep troll shamans (Depths:1)
  42 hell hogs
  90 soul eaters
  A spriggan berserker (Depths:5)
  12 thrashing horrors
  3 iron golems
  26 death scarabs
  Nergalle (D:11)
  104 sun demons
  4 titan zombies
  An orc high priest (Orc:1)
  5 storm dragon zombies
  11 shadow wraiths
  4 iron trolls (Depths:1)
  26 deep elf knights
  84 hell knights
  4 golden dragon zombies
  8 ghost moth zombies
  The ghost of Norn the Spear-Bearer, a novice MfSk (D:5)
  36 sixfirhies
  10 gelid demonspawn (Pan)
  7 wretched stars
  9 titan skeletons
  A quicksilver dragon simulacrum (Abyss:4)
  A spatial maelstrom (Abyss:2)
  11 glowing orange brains
  6 storm dragon skeletons
  126 skeletal warriors
  10 swamp dragons
  12 anaconda zombies
  24 deep trolls
  11 flayed ghosts
  55 shadow demons
  A deep troll (shapeshifter) (Vaults:3)
  17 infernal demonspawn (Pan)
  11 torturous demonspawn (Pan)
  A death drake (Depths:4)
  3 kraken simulacra
  7 unseen horrors
  4 wizards
  35 deep elf archers
  A harpy (shapeshifter) (Vaults:5)
  12 ironbrand convokers
  A swamp dragon (shapeshifter) (Depths:4)
  6 golden dragon skeletons
  Pikel (D:4)
  An iron giant skeleton (Crypt:1)
  10 anaconda skeletons
  2 orange crystal statues (Abyss:4)
  4 iron dragon zombies
  3 wolf spider zombies
  17 phantasmal warriors
  A wolf spider (shapeshifter) (Vaults:1)
  4 shadow dragon zombies
  41 ugly things
  26 necromancers
  15 orc knights
  7 harpies
  5 orc sorcerers
  83 deep elf magi
  26 orb spiders
  10 frost giant zombies
  7 shining eyes
  5 shadow dragon skeletons
  2 oklob plants (Spider:3)
  4 salamanders
  An orb spider (shapeshifter) (Vaults:1)
  8 stone giant zombies
  11 cyclopes
  6 worldbinders
  2 salamanders (shapeshifter)
  3 manticores (D:15)
  2 moths of wrath
  6 dire elephant zombies
  40 wolf spiders
  11 fire giant zombies
  A sphinx skeleton (Crypt:2)
  A moth of wrath (shapeshifter) (Vaults:3)
  3 eyes of devastation
  8 frost giant skeletons
  12 elephants
  3 black mambas
  22 fire giant skeletons
  5 iron dragon skeletons
  12 molten gargoyles
  A guardian serpent (Abyss:1)
  A shock serpent zombie (Dis:2)
  An apocalypse crab (Abyss:1)
  7 titan simulacra (Coc:7)
  33 rust devils
  22 spiny frogs
  A spiny frog (shapeshifter) (Vaults:4)
  11 ice statues
  7 stone giant skeletons
  A catoblepas zombie (Coc:7)
  2 storm dragon simulacra
  3 torpor snails
  19 vault sentinels
  69 smoke demons
  A minotaur zombie (Crypt:1)
  7 gargoyles
  A shock serpent skeleton (Coc:7)
  10 spectral swamp worms (Tar:7)
  2 kobold demonologists (D:15)
  60 tormentors
  25 hellions
  4 rime drakes
  8 dire elephant skeletons
  A sea snake zombie (Crypt:1)
  42 yaktaurs
  An emperor scorpion zombie (Dis:2)
  29 orange demons
  32 freezing wraiths
  6 anaconda simulacra
  28 demonic crawlers
  A spark wasp simulacrum (Depths:2)
  7 komodo dragons
  2 iron troll zombies (Dis:6)
  33 hellwings
  21 guardian mummies
  27 efreet
  9 ancient zymes
  65 red devils
  56 ice devils
  A catoblepas skeleton (Geh:5)
  22 hydra zombies
  3 harpy zombies
  3 trolls (shapeshifter)
  A tengu conjurer (Depths:5)
  A silent spectre (Tar:2)
  9 trolls
  A shadow dragon simulacrum (Depths:1)
  3 ice dragon zombies
  A wind drake (shapeshifter) (Abyss:2)
  A polar bear (shapeshifter) (D:15)
  2 wolf spider simulacra
  2 polar bears (Lair:6)
  2 harpy skeletons
  53 jumping spiders
  15 tyrant leeches
  20 hornets
  11 hydra skeletons
  12 alligator zombies
  7 bog bodies
  5 fire dragon zombies
  110 slime creatures
  25 raiju
  A blink frog (shapeshifter) (Elf:3)
  9 hippogriffs
  12 dream sheep (Lair:6)
  8 ettin zombies
  A hippogriff (shapeshifter) (Depths:2)
  25 blink frogs
  A snapping turtle (shapeshifter) (Vaults:5)
  A spriggan zombie (Depths:1)
  147 flying skulls
  A stone giant simulacrum (Depths:1)
  30 tarantellas
  2 redbacks (shapeshifter)
  2 air elementals
  45 starcursed masses
  5 spriggans
  44 ynoxinuls
  17 shadows
  105 redbacks
  4 black mamba zombies
  14 ushabtiu
  An alligator skeleton (Coc:5)
  4 hogs (D:13)
  11 fire dragon skeletons
  3 wyverns
  A dire elephant simulacrum (IceCv)
  6 ice dragon skeletons
  41 yaks
  4 vampires
  14 water elementals
  33 wraiths
  2 black mamba skeletons
  4 fire bats (Abyss:1)
  10 ettin skeletons
  36 fire elementals
  A human (shapeshifter) (Vaults:4)
  10 hungry ghosts
  A steam dragon (shapeshifter) (Vaults:1)
  41 neqoxecs
  28 chaos spawn
  An infernal demonspawn zombie (Tar:5)
  23 vampire mosquitoes
  5 basilisks
  A wind drake skeleton (Crypt:2)
  An iron troll simulacrum (IceCv)
  7 acid dragons
  3 harpy simulacra (IceCv)
  10 wargs
  15 swamp worms
  6 insubstantial wisps
  An acid dragon (shapeshifter) (Depths:4)
  A naga (Abyss:1)
  10 spiny frog zombies
  16 water moccasins
  A monstrous demonspawn zombie (Geh:2)
  72 hell hounds
  8 spiny frog skeletons
  4 floating eyes
  12 hydra simulacra
  7 porcupines
  12 swamp drakes
  An eye of draining (Pan)
  4 slaves (D:3)
  5 sky beasts
  2 eyes of draining (shapeshifter)
  A hornet zombie (Crypt:1)
  12 phantoms
  A swamp dragon zombie (Coc:6)
  13 ice beasts
  A black bear (D:7)
  A manticore zombie (Geh:1)
  63 orc warriors
  13 necrophages
  13 wolves
  A black mamba simulacrum (Abyss:4)
  An ettin simulacrum (Abyss:4)
  24 ogres
  5 snapping turtle zombies
  3 swamp dragon skeletons
  4 snapping turtle skeletons
  14 boggarts
  23 centaurs
  2 manticore skeletons
  A hog zombie (Crypt:2)
  11 crocodiles
  An elf zombie (Dis:5)
  Blork the orc (D:6)
  2 big kobolds
  14 bullfrogs
  2 yaktaur skeletons
  An elf skeleton (Geh:7)
  A salamander skeleton (Crypt:1)
  3 earth elementals
  A water moccasin zombie (D:10)
  A wyvern skeleton (D:8)
  A hornet simulacrum (D:15)
  A yak zombie (Crypt:1)
  A tengu zombie (Depths:1)
  11 scorpions
  A human simulacrum (Vaults:3)
  13 killer bees
  A spriggan skeleton (Coc:6)
  97 wights
  An electric eel (Spider:2)
  3 centaur zombies
  2 bullfrog zombies
  4 jellies
  6 quasits
  14 crimson imps
  21 iron imps
  5 bullfrog skeletons
  4 hounds
  5 centaur skeletons
  A human skeleton (Geh:7)
  A human zombie (Crypt:1)
  22 orc priests
  20 orc wizards
  13 worker ants
  7 iguanas
  A merfolk siren (Sewer)
  A merfolk avatar (Sewer)
  An acid dragon zombie (Crypt:2)
  2 ogre zombies
  An ogre skeleton (Geh:1)
  A hound skeleton (Crypt:2)
  40 mummies
  2 worker ant zombies
  4 gnolls
  21 adders
  A river rat (Sewer)
  A steam dragon zombie (Crypt:1)
  12 shadow imps
  16 white imps
  An ufetubus (Abyss:1)
  3 oozes
  An adder skeleton (D:4)
  An iguana skeleton (Crypt:2)
  4 worms
  A ball lightning (Pan)
  4 dart slugs
  11 leopard geckos
  114 orcs
  7 ball pythons
  6 bats
  16 giant cockroaches
  7 goblins
  4 hobgoblins
  2 jackals (D:4)
  2 quokkas
  8 frilled lizards
  A giant cockroach zombie (Crypt:1)
  A jackal skeleton (D:2)
  26 kobolds
  An orc skeleton (Pan)
  A quokka zombie (D:8)
  30 rats
  27 briar patches
  9 crawling corpses
  3 fire vortices
  20 fungi
  11 plants
  5 starspawn tentacles
  2 tentacles (Tar:7)
  19 withered plants (Crypt:3)
5586 creatures vanquished.

Vanquished Creatures (others)
  A large abomination (Vaults:4)
  An eldritch tentacle (Tar:7)
  A fire giant (Geh:7)
  A warmonger (Pan)
  An elemental wellspring (Coc:7)
  A reaper (Pan)
  A stone giant (Crypt:3)
  A blood saint (Pan)
  A bennu (Tomb:2)
  A rakshasa (Pan)
  An ice dragon (Coc:7)
  A deep elf knight (Elf:1)
  A dire elephant zombie (Dis:2)
  A smoke demon (Geh:7)
  A minotaur skeleton (Geh:6)
  A bog body (Coc:7)
  A flying skull (Geh:7)
  2 redbacks
  A shadow (Geh:6)
  A hell hound (Geh:7)
  A phantom (Geh:3)
  A boggart (Vaults:2)
  A centaur (D:15)
  2 wights
  A centaur zombie (Geh:3)
  6 ball lightnings (Pan)
  A quokka (D:4)
  A briar patch (Swamp:3)
  27 fungi
  A lurking horror (Abyss:4)
  25 plants
  11 starspawn tentacles
  26 tentacles
  2 withered plants (Crypt:3)
127 creatures vanquished.

Grand Total: 5713 creatures vanquished

Notes
Turn   | Place    | Note
-------+----------+-------------------------------------------
     0 | D:1      | Forgol the Minotaur Fighter began the quest for the Orb.
     0 | D:1      | Reached XP level 1. HP: 19/19 MP: 0/0
   268 | D:1      | Reached XP level 2. HP: 27/27 MP: 1/1
   671 | D:2      | Reached skill level 1 in Dodging
   695 | D:2      | Reached XP level 3. HP: 18/33 MP: 2/2
  1497 | D:2      | Found a deep blue altar of Sif Muna.
  1750 | D:3      | Reached XP level 4. HP: 38/40 MP: 3/3
  1835 | D:3      | Found a glowing drain.
  2038 | Sewer    | Entered a sewer
  2169 | Sewer    | Reached XP level 5. HP: 37/47 MP: 4/4
  2499 | D:3      | Found an ancient bone altar of Kikubaaqudgha.
  2658 | D:3      | Noticed an ice beast
  2670 | D:3      | Killed an ice beast
  2670 | D:3      | Reached skill level 5 in Long Blades
  2670 | D:3      | Reached XP level 6. HP: 47/55 MP: 5/5
  3104 | D:4      | Noticed Pikel
  3104 | D:4      | Noticed a slave
  3104 | D:4      | Noticed a slave
  3104 | D:4      | Noticed a slave
  3105 | D:4      | Noticed a slave
  3115 | D:3      | Killed a slave
  3122 | D:3      | Killed a slave
  3175 | D:4      | Paralysed by Pikel for 6 turns
  3189 | D:3      | Killed a slave
  3204 | D:3      | Killed a slave
  3533 | D:4      | Killed Pikel
  3533 | D:4      | Reached skill level 5 in Fighting
  3533 | D:4      | Reached skill level 5 in Armour
  3533 | D:4      | Reached XP level 7. HP: 62/62 MP: 6/6
  3643 | D:4      | Identified the +3 ring mail of the Salamander {*Contam
                  | rPois rN++ Str+2}
  3714 | D:4      | Found a white marble altar of Elyvilon.
  4168 | D:4      | Reached XP level 8. HP: 62/70 MP: 7/7
  4443 | D:5      | Entered Level 5 of the Dungeon
  5448 | D:5      | Found a staircase to the Ecumenical Temple.
  5656 | Temple   | Entered the Ecumenical Temple
  5803 | Temple   | Became a worshipper of Warmaster Okawaru
  6037 | D:5      | Found a white marble altar of Elyvilon.
  6037 | D:5      | Found a runed translucent door.
  6037 | D:5      | Noticed an angel
  6067 | D:5      | Found a runed translucent door.
  6070 | D:5      | Noticed Norn's ghost (novice MfSk)
  6116 | D:5      | Noticed a hippogriff
  6207 | D:6      | Reached skill level 5 in Dodging
  6285 | D:6      | Noticed Blork the orc
  6297 | D:6      | Killed Blork the orc
  6475 | D:6      | Reached skill level 1 in Invocations
  6606 | D:6      | Reached XP level 9. HP: 56/79 MP: 9/9
  6993 | D:6      | Found Liolaipp's Food Shop.
  7192 | D:7      | Reached skill level 5 in Shields
  7363 | D:7      | Reached * piety under Okawaru
  7670 | D:7      | Found a flagged portal.
  7747 | Bailey   | Entered a bailey
  7752 | Bailey   | Noticed an orc warlord
  7884 | Bailey   | Found a runed translucent gate.
  7886 | Bailey   | Found a runed translucent gate.
  7893 | Bailey   | Identified a scroll of acquirement
  7930 | Bailey   | Found a runed translucent gate.
  8087 | Bailey   | Killed an orc warlord
  8087 | Bailey   | Reached ** piety under Okawaru
  8087 | Bailey   | Reached *** piety under Okawaru
  8087 | Bailey   | Reached skill level 10 in Long Blades
  8087 | Bailey   | Reached XP level 10. HP: 10/88 MP: 7/11
  8803 | D:8      | Found a staircase to the Lair.
  8890 | D:8      | Found a basalt altar of Yredelemnul.
  9460 | D:9      | Found a sparkling altar of Nemelex Xobeh.
 10264 | D:10     | Entered Level 10 of the Dungeon
 10304 | D:10     | Reached **** piety under Okawaru
 10520 | D:10     | Found a staircase to the Orcish Mines.
 10674 | D:10     | Gained mutation: Armour fits poorly on your strangely
                  | shaped body. [mutagenic glow]
 10735 | D:10     | Noticed a two-headed ogre
 10747 | D:10     | Killed a two-headed ogre
 10747 | D:10     | Reached XP level 11. HP: 88/97 MP: 10/13
 11697 | D:10     | Reached skill level 5 in Invocations
 12226 | D:10     | Reached skill level 15 in Long Blades
 12226 | D:10     | Reached XP level 12. HP: 104/104 MP: 14/14
 12227 | D:10     | Lost mutation: Armour fits poorly on your strangely shaped
                  | body. [potion of mutation]
 12227 | D:10     | Gained mutation: Your mind is acute. (Int +2) [potion of
                  | mutation]
 12227 | D:10     | Gained mutation: Your magical capacity is low. (-10% MP)
                  | [potion of mutation]
 12227 | D:10     | Gained mutation: Your spells are a little harder to cast,
                  | but a little more powerful. [potion of mutation]
 12250 | D:11     | Noticed Nergalle
 12273 | D:11     | Killed Nergalle
 12273 | D:11     | Reached ***** piety under Okawaru
 12564 | D:11     | Noticed a two-headed ogre
 12568 | D:11     | Killed a two-headed ogre
 12798 | D:11     | Gained mutation: You are clumsy. (Dex -2) [mutagenic glow]
 13159 | D:12     | Found Maisa's Food Shoppe.
 13162 | D:12     | Found Raleu's General Store.
 13705 | D:12     | Found Becomoy's Antique Armour Shop.
 13910 | D:12     | Found the +7 Singing Sword {slice, sonic wave}
 14084 | D:12     | Reached skill level 10 in Armour
 14126 | D:12     | Found a roughly hewn altar of Beogh.
 14361 | D:12     | Identified the +5 trident of the Pits of Slime {protect,
                  | *Corrode Str+3 Int+5 Stlth+}
 14401 | D:12     | Found Laxuboh's Distillery.
 14615 | D:13     | Received a gift from Okawaru
 14619 | D:13     | Reached skill level 10 in Fighting
 14764 | D:13     | Received a gift from Okawaru
 15139 | D:13     | Reached XP level 13. HP: 63/113 MP: 14/14
 15152 | D:13     | Noticed Kirke
 15164 | D:13     | Noticed a sphinx
 15182 | D:13     | Noticed a sphinx
 15185 | D:13     | Killed Kirke
 15433 | D:13     | Found a gate to the Vaults.
 16611 | Orc:1    | Entered Level 1 of the Orcish Mines
 16848 | Orc:2    | Entered Level 2 of the Orcish Mines
 17105 | Orc:1    | Noticed Jorgrun
 17124 | Orc:1    | HP: 4/114 [Jorgrun/uncursed staff of earth (6)]
 17153 | Orc:1    | Killed Jorgrun
 17889 | Orc:2    | Found a staircase to the Elven Halls.
 18140 | Orc:2    | Received a gift from Okawaru
 18163 | Orc:2    | Noticed an orc warlord
 18381 | Orc:1    | Killed an orc warlord
 18381 | Orc:1    | Reached skill level 10 in Shields
 18985 | Orc:2    | Found Wecwaepu's Assorted Antiques.
 18985 | Orc:2    | Found Hijig's Antique Weapon Shoppe.
 18987 | Orc:2    | Found Vayruf's Distillery.
 18989 | Orc:2    | Found Pafruff's General Store.
 20135 | Lair:1   | Entered Level 1 of the Lair of Beasts
 20287 | Lair:1   | Noticed Gastronok
 20301 | Lair:1   | Killed Gastronok
 20301 | Lair:1   | Received a gift from Okawaru
 20301 | Lair:1   | Reached XP level 14. HP: 106/124 MP: 14/16
 20967 | Lair:2   | Reached skill level 10 in Dodging
 21019 | Lair:2   | Got a smelly ring mail
 21020 | Lair:2   | Identified the +2 ring mail "Pepakluf" {Regen+ Str+2} (You
                  | found it on level 2 of the Lair of Beasts)
 21217 | Lair:2   | Found a staircase to the Swamp.
 21373 | Lair:2   | Received a gift from Okawaru
 21949 | Lair:3   | Found a runed translucent gate.
 21949 | Lair:3   | Found a runed translucent gate.
 21949 | Lair:3   | Found a runed translucent gate.
 21964 | Lair:3   | Noticed barcode's ghost (journeyman DsFE)
 23374 | Lair:4   | Found a hole to the Spider Nest.
 23848 | Lair:4   | Reached ****** piety under Okawaru
 23848 | Lair:4   | Received a gift from Okawaru
 24861 | Lair:6   | Entered Level 6 of the Lair of Beasts
 24995 | Lair:6   | Reached XP level 15. HP: 131/133 MP: 18/18
 25129 | Lair:6   | Found a runed translucent gate.
 25130 | Lair:6   | Found a runed translucent gate.
 25130 | Lair:6   | Found a runed translucent gate.
 25135 | Lair:6   | Noticed Nuepoake's ghost (journeyman NaTm)
 25276 | Lair:6   | Found a viscous altar of Jiyva.
 25279 | Lair:6   | Found a staircase to the Slime Pits.
 25312 | Lair:6   | Noticed Rupert
 25319 | Lair:6   | Killed Rupert
 25352 | Lair:6   | Received a gift from Okawaru
 25360 | Lair:6   | Got a crude dire flail {god gift}
 25410 | Lair:6   | Identified the +7 dire flail of Accidental Termination
                  | {crush, rN+ Str+4 Int+7} (Okawaru gifted it to you on level
                  | 6 of the Lair of Beasts)
 26497 | Elf:1    | Entered Level 1 of the Elven Halls
 26554 | Elf:1    | Noticed a deep elf sorcerer
 26564 | Elf:1    | Killed a deep elf sorcerer
 26564 | Elf:1    | Received a gift from Okawaru
 26577 | Elf:1    | Got a smoking great sword {god gift}
 26820 | Elf:1    | Identified the +5 great sword "Vomamueg" {slice, +Blink rC-
                  | Str+9} (Okawaru gifted it to you on level 1 of the Elven
                  | Halls)
 27018 | Elf:1    | Found Joicef's Distillery.
 27394 | Elf:1    | Received a gift from Okawaru
 27879 | Elf:2    | Found Haoh's Armour Shoppe.
 27902 | Elf:2    | Reached XP level 16. HP: 80/144 MP: 17/20
 28142 | Elf:2    | Bought a +1 pair of boots of flying for 297 gold pieces
 28183 | Elf:2    | Reached skill level 10 in Invocations
 28346 | Elf:2    | Found a portal to a secret trove of treasure.
 28367 | Elf:2    | Found a runed translucent gate.
 28367 | Elf:2    | Found a runed translucent gate.
 28367 | Elf:2    | Found a runed translucent gate.
 28605 | Elf:2    | Received a gift from Okawaru
 28867 | Elf:2    | Received a gift from Okawaru
 29070 | Elf:2    | Got an ichor-stained ring mail
 29081 | Elf:2    | Identified the +1 ring mail of Courage {*Slow Str+5 Dex+8}
                  | (You acquired it on level 2 of the Elven Halls)
 29832 | Elf:3    | Entered Level 3 of the Elven Halls
 30293 | Elf:3    | Noticed an Executioner
 30306 | Elf:3    | Noticed an Ice Fiend
 30665 | Elf:3    | Received a gift from Okawaru
 30666 | Elf:3    | Reached XP level 17. HP: 138/152 MP: 18/21
 31587 | Elf:3    | Identified the +9 short sword of Ru's Indignation {freeze,
                  | Str-4 Int+7 SInv}
 31587 | Elf:3    | Identified the ring of Twilight {rC+ Str+3}
 31587 | Elf:3    | Noticed a deep elf blademaster
 31598 | Elf:3    | Killed a deep elf blademaster
 31598 | Elf:3    | Identified the +0 plate armour "Ygolymeb" {+Blink Regen+
                  | MP-9 Dex+3}
 31598 | Elf:3    | Identified the ring "Gigaec" {rPois rC+}
 31598 | Elf:3    | Noticed a deep elf master archer
 32137 | Elf:3    | Identified the ring of Waerr {+Fly Dex+5 Slay+2}
 32568 | Elf:3    | Identified the amulet "Xis Inug" {Acrobat +Fly}
 32579 | Elf:3    | Killed a deep elf master archer
 32587 | Elf:3    | HP: 4/154 [deep elf high priest/a malign offering (27)]
 33100 | Elf:3    | Found the +0 sword of Power
 33261 | Orc:2    | Bought a scroll of teleportation for 102 gold pieces
 33462 | Spider:1 | Entered Level 1 of the Spider Nest
 33476 | Spider:1 | Received a gift from Okawaru
 34033 | Spider:1 | Noticed Azrael
 34045 | Spider:1 | Killed Azrael
 34741 | Elf:3    | Got a translucent hat
 34752 | Elf:3    | Identified the +0 hat "Fujum" {MR+ Dex+4} (You acquired it
                  | on level 3 of the Elven Halls)
 35066 | Spider:2 | Received a gift from Okawaru
 35092 | Spider:2 | Reached XP level 18. HP: 133/162 MP: 15/23
 35220 | Spider:2 | Reached skill level 15 in Armour
 35293 | Spider:2 | Reached skill level 15 in Fighting
 35529 | Spider:2 | Got a fine hat
 35540 | Spider:2 | Identified the +2 hat "Zousm" {Str+2 Dex+4 Stlth+} (You
                  | found it on level 2 of the Spider Nest)
 36093 | Spider:3 | Received a gift from Okawaru
 36944 | Spider:4 | Entered Level 4 of the Spider Nest
 37398 | Spider:4 | Identified Wefangywasch's Grimoire of the Frigorific Birds
 37556 | Spider:4 | Received a gift from Okawaru
 37574 | Spider:4 | Got a pair of smoking boots {god gift}
 37583 | Spider:4 | Identified the -3 pair of boots "Joymintaeth" {+Fly Int+2}
                  | (Okawaru gifted it to you on level 4 of the Spider Nest)
 37815 | Spider:4 | Reached skill level 15 in Shields
 37943 | Spider:4 | Got a gossamer rune of Zot
 38252 | Swamp:1  | Entered Level 1 of the Swamp
 38279 | Swamp:1  | Reached XP level 19. HP: 172/172 MP: 24/24
 39282 | Swamp:2  | Noticed Aizul
 39285 | Swamp:2  | Received a gift from Okawaru
 39295 | Swamp:2  | Killed Aizul
 39854 | Swamp:3  | Found a frozen archway.
 39874 | IceCv    | Entered an ice cave
 40295 | IceCv    | Identified the Disquisition on Earthen Fire
 40587 | Swamp:3  | Got a warped bone ring
 40605 | Swamp:3  | Identified the ring of Lilacs {rF+ rN++ Str+4 Int+4 SInv}
                  | (You found it on level 3 of the Swamp)
 40721 | Swamp:4  | Entered Level 4 of the Swamp
 41247 | Swamp:4  | Got a decaying rune of Zot
 41315 | Swamp:4  | Received a gift from Okawaru
 41699 | Swamp:4  | Got a slimy bone ring
 41700 | Swamp:4  | Identified the ring "Teull" {Ice Str+4} (You found it on
                  | level 4 of the Swamp)
 41931 | D:8      | Got a pair of jewelled boots
 41942 | D:8      | Identified the +0 pair of boots "Ashreupte" {*Drain rElec
                  | rF+++ Str-2} (You acquired it on level 8 of the Dungeon)
 42059 | Vaults:1 | Entered Level 1 of the Vaults
 42369 | Vaults:1 | Reached XP level 20. HP: 182/182 MP: 18/25
 42395 | Vaults:1 | Reached skill level 15 in Dodging
 42432 | Vaults:1 | Reached skill level 1 in Evocations
 42791 | Vaults:1 | Identified the Tome of the Destructive Traveller
 43571 | Vaults:2 | Received a gift from Okawaru
 43755 | Vaults:2 | Noticed Frederick
 43755 | Vaults:2 | Noticed Agnes
 43755 | Vaults:2 | Noticed Asterion
 43762 | Vaults:2 | Killed Asterion
 43765 | Vaults:2 | Killed Agnes
 43777 | Vaults:2 | Killed Frederick
 44092 | Vaults:2 | Reached skill level 5 in Evocations
 44211 | Vaults:2 | Received a gift from Okawaru
 44218 | Vaults:2 | Got a pair of brightly glowing boots {god gift}
 44220 | Vaults:2 | Identified the +0 pair of boots of the Armadillo {rPois
                  | rCorr MP+9} (Okawaru gifted it to you on level 2 of the
                  | Vaults)
 44234 | Vaults:2 | Found Licoinag's Food Shoppe.
 44831 | Vaults:3 | Noticed Saint Roka
 44846 | Vaults:3 | Killed Saint Roka
 44846 | Vaults:3 | Reached XP level 21. HP: 132/191 MP: 18/27
 44901 | Vaults:3 | Noticed Sojobo
 44928 | Vaults:3 | Killed Sojobo
 45451 | Vaults:3 | Found Gillamo's Gadget Emporium.
 45629 | Vaults:3 | Found a staircase to the Crypt.
 45639 | Vaults:3 | Noticed Donald
 45647 | Vaults:3 | Killed Donald
 47899 | Vaults:5 | Entered Level 5 of the Vaults
 47901 | Vaults:5 | Noticed a golden dragon
 47906 | Vaults:4 | Received a gift from Okawaru
 48006 | Vaults:5 | Killed a golden dragon
 48014 | Vaults:5 | Reached XP level 22. HP: 200/200 MP: 22/28
 48014 | Vaults:5 | Noticed an ancient lich
 48044 | Vaults:4 | Received a gift from Okawaru
 48132 | Vaults:5 | Killed an ancient lich
 48132 | Vaults:5 | Received a gift from Okawaru
 48162 | Vaults:5 | Gained mutation: Your spells are harder to cast, but more
                  | powerful. [a shining eye]
 48169 | Vaults:4 | HP: 10/201 [poisoned by a death drake (dark miasma)]
 48671 | Vaults:5 | Received a gift from Okawaru
 48696 | Vaults:5 | Noticed a golden dragon
 48710 | Vaults:5 | Killed a golden dragon
 49071 | Vaults:5 | Got a silver rune of Zot
 49101 | Vaults:5 | Noticed a golden dragon
 49113 | Vaults:5 | Killed a golden dragon
 49113 | Vaults:5 | Received a gift from Okawaru
 49167 | Vaults:5 | Got a pair of heavily runed gloves {god gift}
 49178 | Vaults:5 | Identified the +2 pair of gloves of the Swamp {rC++ Int+4}
                  | (Okawaru gifted it to you on level 5 of the Vaults)
 49234 | Vaults:5 | Reached XP level 23. HP: 100/209 MP: 15/29
 49242 | Vaults:4 | Reached skill level 10 in Evocations
 49846 | Vaults:5 | Found Uzubufo's Distillery.
 49846 | Vaults:5 | Found Nuweas's Gadget Shoppe.
 49866 | Vaults:5 | Found Dipt's Jewellery Shoppe.
 49893 | Vaults:5 | Found Ketostyq's Antique Weapon Shoppe.
 50455 | Vaults:5 | Bought the ring "Xelabemmaat" {MR+ Str+5 Dex+3 Stlth+} for
                  | 980 gold pieces
 50776 | Temple   | Fell from the grace of Okawaru
 50776 | Temple   | Became a worshipper of the Shining One
 51066 | Crypt:1  | Entered Level 1 of the Crypt
 51193 | Crypt:1  | Reached * piety under the Shining One
 51277 | Crypt:1  | Reached skill level 15 in Invocations
 51426 | Crypt:1  | Reached ** piety under the Shining One
 51593 | Crypt:1  | Identified the Papyrus of Cloudy Enchantment
 51695 | Crypt:1  | Reached *** piety under the Shining One
 51948 | Crypt:2  | Reached **** piety under the Shining One
 52045 | Crypt:2  | Noticed Jory
 52060 | Crypt:2  | Killed Jory
 52175 | Crypt:2  | Reached ***** piety under the Shining One
 52511 | Crypt:3  | Entered Level 3 of the Crypt
 52903 | Crypt:3  | Reached ****** piety under the Shining One
 52947 | Crypt:3  | Found a staircase to the Tomb.
 53095 | Crypt:3  | Noticed an ancient lich
 53097 | Crypt:3  | Killed an ancient lich
 53438 | Crypt:3  | Found an ancient bone altar of Kikubaaqudgha.
 53486 | Crypt:3  | Noticed an ancient lich
 53494 | Crypt:3  | Killed an ancient lich
 53794 | Crypt:3  | Reached XP level 24. HP: 218/218 MP: 30/30
 53929 | Crypt:3  | Identified a +6 double sword of holy wrath (a +4 double
                  | sword of electrocution blessed by the Shining One)
 53929 | Crypt:3  | Received a gift from the Shining One
 54294 | Elf:2    | You paid a toll of 15 scrolls of teleportation to enter a
                  | treasure trove
 54295 | Trove    | Entered a treasure trove
 54315 | Trove    | Got a slimy garnet amulet
 54317 | Trove    | Got a wavering lead amulet
 54319 | Trove    | Identified the amulet "Nixkeal" {Gourm -Tele rElec SInv}
                  | (You found it in a treasure trove)
 54320 | Trove    | Identified the amulet "Goewiesyju" {+Rage rElec rF++ rC+
                  | Dex+2} (You found it in a treasure trove)
 54345 | Trove    | Got a scorched shield
 54356 | Trove    | Identified the +3 shield "Qeun" {Str+3 Dex+2 Stlth+} (You
                  | found it in a treasure trove)
 54359 | Trove    | Got an encrusted cloak
 54370 | Trove    | Identified the +0 cloak of the Nightingale {rElec Str+4}
                  | (You found it in a treasure trove)
 54431 | Elf:2    | Got a jewelled cloak
 54432 | Elf:2    | Identified the +0 cloak "Rosch" {Dex+4} (You acquired it on
                  | level 2 of the Elven Halls)
 54738 | D:14     | Got a dazzling cloak
 54739 | D:14     | Identified the +2 cloak "Iduna" {+Blink rPois Regen+ Str-5}
                  | (You found it on level 14 of the Dungeon)
 55216 | D:15     | Entered Level 15 of the Dungeon
 55356 | D:15     | Found a sparkling altar of Nemelex Xobeh.
 55356 | D:15     | Found a hide-covered altar of Uskayaw.
 55357 | D:15     | Found a snail-covered altar of Cheibriados.
 56206 | D:15     | Identified the Disquisition on Lucky Summoning
 56590 | D:15     | Noticed Josephine
 56598 | D:15     | Killed Josephine
 56800 | D:15     | Found a staircase to the Depths.
 57051 | Depths:1 | Entered Level 1 of the Depths
 57225 | Depths:1 | Noticed Nikola
 57263 | Depths:1 | Killed Nikola
 57414 | Depths:1 | Was forgiven by Okawaru
 57509 | Depths:1 | Found a gateway to Hell.
 57576 | Depths:1 | Identified the +3 scimitar "Pucret" {slice, +Fly rC- rN+}
 58662 | Depths:2 | Reached XP level 25. HP: 186/228 MP: 30/30
 58695 | Depths:2 | Identified the +2 plate armour of Paranoia {*Corrode +Fly
                  | rElec SInv}
 58781 | Depths:2 | Paralysed by a floating eye for 2 turns
 58782 | Depths:2 | Noticed a juggernaut
 58799 | Depths:2 | Killed a juggernaut
 59584 | Depths:4 | Found a one-way gate leading to the halls of Pandemonium.
 59962 | Depths:4 | Found a runed translucent gate.
 59962 | Depths:4 | Found a runed translucent gate.
 59963 | Depths:4 | Found a runed translucent gate.
 59963 | Depths:4 | Noticed Grim's ghost (adept MiBe)
 60018 | Depths:4 | Found a one-way gate to the infinite horrors of the Abyss.
 60201 | Depths:5 | Entered Level 5 of the Depths
 60220 | Depths:5 | Reached skill level 27 in Long Blades
 60608 | D:5      | Killed Norn's ghost
 60830 | Lair:3   | Killed barcode's ghost
 60857 | Lair:3   | Got a crude scimitar
 60859 | Lair:3   | Identified the +7 scimitar "Ycecw" {freeze, rC+ MR+ Int+3
                  | SInv} (You found it on level 3 of the Lair of Beasts)
 60979 | Lair:6   | Killed Nuepoake's ghost
 61486 | Depths:5 | Found a gateway to a ziggurat.
 61508 | Depths:5 | Noticed Mennas
 61519 | Depths:5 | Killed Mennas
 61822 | Depths:5 | Found a gate to the Realm of Zot.
 61990 | Depths:5 | Found a large runed translucent door.
 61991 | Depths:5 | Found a large runed translucent door.
 61994 | Depths:5 | Noticed acidapple's ghost (veteran HaHu)
 62110 | Depths:5 | Noticed Xtahua
 62118 | Depths:5 | Killed Xtahua
 62503 | Depths:4 | Voluntarily entered the Abyss.
 62895 | Abyss:1  | Reached XP level 26. HP: 231/239 MP: 30/30
 63084 | Abyss:1  | Paralysed by you for 2 turns
 63367 | Abyss:2  | Found an opulent altar of Gozag.
 63450 | Abyss:2  | Paralysed by accursed screaming for 1 turns
 63578 | Abyss:2  | Found a corrupted altar of Lugonu.
 63670 | Abyss:2  | Found a corrupted altar of Lugonu.
 63723 | Abyss:2  | Found a corrupted altar of Lugonu.
 64046 | Abyss:4  | Gained mutation: You occasionally shout uncontrollably at
                  | your foes. [a neqoxec]
 64398 | Abyss:4  | Got an abyssal rune of Zot
 64501 | Depths:4 | Escaped the Abyss
 64653 | Depths:4 | Killed Grim's ghost
 65256 | Slime:1  | Entered Level 1 of the Pits of Slime
 65789 | Slime:3  | Found a viscous altar of Jiyva.
 65796 | Slime:3  | Gained mutation: Potions are less effective at restoring
                  | your health. [a shining eye]
 65826 | Slime:4  | Noticed Dissolution
 65833 | Slime:4  | Killed Dissolution
 65943 | Slime:3  | Reached XP level 27. HP: 243/253 MP: 31/31
 66003 | Slime:3  | Gained mutation: You are frail. (-10% HP) [a shining eye]
 66203 | Slime:5  | Entered Level 5 of the Pits of Slime
 66254 | Slime:5  | Found a viscous altar of Jiyva.
 66254 | Slime:5  | Lost mutation: You are frail. (-10% HP) [a shining eye]
 66264 | Slime:5  | Noticed the Royal Jelly
 66265 | Slime:5  | Found the +7 great mace "Undeadhunter" {disrupt, rN+}
 66274 | Slime:5  | Killed the Royal Jelly
 66718 | Slime:5  | Got a slimy rune of Zot
 66737 | Slime:5  | Got a wavering marble ring
 66748 | Slime:5  | Got a transparent iron ring
 66772 | Slime:5  | Identified the ring of the Final Decision {*Corrode rF+
                  | Str+4 Dex+4} (You found it on level 5 of the Pits of Slime)
 66773 | Slime:5  | Identified the ring "Lutsoyze" {+Inv rF+ MR+ Slay+3} (You
                  | found it on level 5 of the Pits of Slime)
 67332 | Pan      | Entered Pandemonium
 67682 | Pan      | Noticed Qoqum the pandemonium lord
 67696 | Pan      | Killed Qoqum the pandemonium lord
 68415 | Pan      | Noticed Hebley the pandemonium lord
 68450 | Pan      | Killed Hebley the pandemonium lord
 68467 | Pan      | Got a demonic rune of Zot
 68743 | Pan      | Gained mutation: Potions are poor at restoring your health.
                  | [a cacodemon]
 68867 | Pan      | Gained mutation: You are frail. (-10% HP) [a neqoxec]
 69253 | Pan      | Gained mutation: You tend to lose your temper in combat. [a
                  | neqoxec]
 69426 | Pan      | Found a transporter.
 69428 | Pan      | Found a transporter.
 69443 | Pan      | Found a transporter.
 69444 | Pan      | Identified the ring of the Real Monster {MP+9 Slay+6}
 69463 | Pan      | Found a transporter.
 69463 | Pan      | Found a transporter.
 69536 | Pan      | Got an ichor-stained shield
 69537 | Pan      | Identified the +9 shield of Limited Liability {-Cast rElec
                  | Dex+4} (You found it in Pandemonium)
 70104 | Pan      | Got a vibrating turquoise ring
 70105 | Pan      | Identified the ring of Ybbejios {MR+ Str+7} (You found it
                  | in Pandemonium)
 70268 | Pan      | Reached skill level 15 in Evocations
 70674 | Pan      | Noticed Maloo the pandemonium lord
 70688 | Pan      | Killed Maloo the pandemonium lord
 70724 | Pan      | Entered the realm of Gloorx Vloq.
 70724 | Pan      | Noticed Gloorx Vloq
 70744 | Pan      | Killed Gloorx Vloq
 71094 | Pan      | Got a dark rune of Zot
 71930 | Pan      | Entered the realm of Mnoleg.
 71982 | Pan      | Gained mutation: You are very clumsy. (Dex -4) [a neqoxec]
 72052 | Pan      | Lost mutation: Your mind is acute. (Int +2) [a cacodemon]
 72120 | Pan      | Gained mutation: Armour fits poorly on your strangely
                  | shaped body. [a neqoxec]
 72124 | Pan      | Gained mutation: You often lose your temper in combat. [a
                  | cacodemon]
 72167 | Pan      | Noticed Mnoleg
 72170 | Pan      | Gained mutation: You have an uncontrollable temper.
                  | [Mnoleg's mutagenic touch]
 72187 | Pan      | Killed Mnoleg
 72246 | Pan      | Lost mutation: You have an uncontrollable temper. [a
                  | neqoxec]
 72260 | Pan      | Got a glowing rune of Zot
 72334 | Pan      | Gained mutation: You sometimes yell uncontrollably at your
                  | foes. [a cacodemon]
 72475 | Pan      | Gained mutation: You do not regenerate when monsters are
                  | visible. [a neqoxec]
 73057 | Pan      | Gained mutation: Scrolls take you a little longer to read.
                  | [a neqoxec]
 73370 | Pan      | Noticed Bahi Vud the pandemonium lord
 73382 | Pan      | Killed Bahi Vud the pandemonium lord
 73656 | Pan      | Noticed Mucrales the pandemonium lord
 73662 | Pan      | Killed Mucrales the pandemonium lord
 74271 | Pan      | Found an exit through the horrors of the Abyss.
 74650 | Pan      | Noticed Tadisi the pandemonium lord
 74663 | Pan      | Killed Tadisi the pandemonium lord
 74705 | Depths:4 | Escaped Pandemonium
 75073 | Elf:2    | Lost mutation: Armour fits poorly on your strangely shaped
                  | body. [potion of mutation]
 75073 | Elf:2    | Lost mutation: You are very clumsy. (Dex -4) [potion of
                  | mutation]
 75073 | Elf:2    | Lost mutation: You frequently scream uncontrollably at your
                  | foes. [potion of mutation]
 75073 | Elf:2    | Lost mutation: You often lose your temper in combat.
                  | [potion of mutation]
 75073 | Elf:2    | Gained mutation: Your muscles are strong. (Str +2) [potion
                  | of mutation]
 75074 | Elf:2    | Lost mutation: Your muscles are strong. (Str +2) [potion of
                  | mutation]
 75074 | Elf:2    | Lost mutation: Your spells are harder to cast, but more
                  | powerful. [potion of mutation]
 75074 | Elf:2    | Lost mutation: You are clumsy. (Dex -2) [potion of
                  | mutation]
 75074 | Elf:2    | Gained mutation: You have a somewhat thin skeletal
                  | structure. (Dex +2, Stealth) [potion of mutation]
 75075 | Elf:2    | Lost mutation: Your magical capacity is extremely low.
                  | (-30% MP) [potion of mutation]
 75075 | Elf:2    | Lost mutation: You sometimes yell uncontrollably at your
                  | foes. [potion of mutation]
 75075 | Elf:2    | Lost mutation: You tend to lose your temper in combat.
                  | [potion of mutation]
 75075 | Elf:2    | Lost mutation: Your spells are a little harder to cast, but
                  | a little more powerful. [potion of mutation]
 75075 | Elf:2    | Gained mutation: You are partially covered in slimy green
                  | scales. (AC +2) [potion of mutation]
 75076 | Elf:2    | Lost mutation: You do not regenerate when monsters are
                  | visible. [potion of mutation]
 75076 | Elf:2    | Lost mutation: You are extremely frail. (-30% HP) [potion
                  | of mutation]
 75076 | Elf:2    | Lost mutation: Scrolls take you much longer to read.
                  | [potion of mutation]
 75076 | Elf:2    | Gained mutation: You have large cloven feet. [potion of
                  | mutation]
 75077 | Elf:2    | Lost mutation: Potions are poor at restoring your health.
                  | [potion of mutation]
 75077 | Elf:2    | Lost mutation: Potions are less effective at restoring your
                  | health. [potion of mutation]
 75077 | Elf:2    | Lost mutation: You have large cloven feet. [potion of
                  | mutation]
 75077 | Elf:2    | Gained mutation: You expend magic power (3 MP) to
                  | strengthen your wands. [potion of mutation]
 76064 | Vaults:5 | Bought a potion of curing for 57 gold pieces
 76064 | Vaults:5 | Bought a potion of mutation for 152 gold pieces
 76064 | Vaults:5 | Bought a potion of mutation for 152 gold pieces
 76413 | Pan      | Entered Pandemonium
 76823 | Pan      | Noticed Oruf the pandemonium lord
 76840 | Pan      | Killed Oruf the pandemonium lord
 77745 | Pan      | Noticed Ochefy the pandemonium lord
 77779 | Pan      | Killed Ochefy the pandemonium lord
 77951 | Pan      | Identified the ring "Jupra" {rElec Int+3}
 77963 | Pan      | Gained mutation: You are frail. (-10% HP) [a neqoxec]
 78259 | Pan      | Gained mutation: You are very frail. (-20% HP) [a neqoxec]
 78595 | Pan      | Got an ichor-stained scale mail
 78596 | Pan      | Identified the +4 scale mail of Prudence {+Inv rPois Dex+3}
                  | (You found it in Pandemonium)
 78611 | Pan      | Found an exit through the horrors of the Abyss.
 78961 | Pan      | Noticed Upiumpeb the pandemonium lord
 78974 | Pan      | Killed Upiumpeb the pandemonium lord
 80227 | Pan      | Found an exit through the horrors of the Abyss.
 80234 | Pan      | Noticed Uduolurch the pandemonium lord
 80249 | Pan      | Killed Uduolurch the pandemonium lord
 80512 | Pan      | Entered the realm of Cerebov.
 80522 | Pan      | Identified the +6 sword of Cerebov {flame}
 80522 | Pan      | Noticed Cerebov
 80523 | Pan      | Got a pair of transparent gloves
 80524 | Pan      | Identified the cursed +0 large shield of Restlessness {MR+
                  | Int+6}
 80545 | Pan      | Killed Cerebov
 80551 | Pan      | Got a fiery rune of Zot
 80570 | Pan      | Identified the +3 pair of gloves of the Falcon {rC++ Str-2
                  | Dex+3} (You found it in Pandemonium)
 80581 | Pan      | Identified Cyiz's Spellcraft, Part Three
 80600 | Pan      | Identified the +12 morningstar "Senexur" {elec, rElec rN+}
 81762 | Pan      | Noticed Itoy the pandemonium lord
 81775 | Pan      | Killed Itoy the pandemonium lord
 82512 | Pan      | Gained mutation: You tend to lose your temper in combat. [a
                  | cacodemon]
 82577 | Pan      | Noticed Enukkow the pandemonium lord
 82584 | Pan      | Killed Enukkow the pandemonium lord
 82950 | Pan      | Found an exit through the horrors of the Abyss.
 83667 | Pan      | Gained mutation: You occasionally shout uncontrollably at
                  | your foes. [a neqoxec]
 83733 | Pan      | Noticed Xemihel the pandemonium lord
 83746 | Pan      | Killed Xemihel the pandemonium lord
 84103 | Pan      | Entered the realm of Lom Lobon.
 84557 | Pan      | Noticed Lom Lobon
 84583 | Pan      | Killed Lom Lobon
 84600 | Pan      | Got a magical rune of Zot
 84924 | Pan      | Reached skill level 27 in Fighting
 84981 | Pan      | Gained mutation: Your flesh is heat resistant. (rF+) [a
                  | neqoxec]
 85294 | Pan      | Noticed Yfajeng the pandemonium lord
 85302 | Pan      | Killed Yfajeng the pandemonium lord
 85443 | Depths:4 | Escaped Pandemonium
 85468 | Depths:4 | Lost mutation: You tend to lose your temper in combat.
                  | [potion of mutation]
 85468 | Depths:4 | Lost mutation: You occasionally shout uncontrollably at
                  | your foes. [potion of mutation]
 85468 | Depths:4 | Lost mutation: You have a somewhat thin skeletal structure.
                  | (Dex +2, Stealth) [potion of mutation]
 85468 | Depths:4 | Lost mutation: You expend magic power (3 MP) to strengthen
                  | your wands. [potion of mutation]
 85468 | Depths:4 | Gained mutation: You have a pair of large horns on your
                  | head. [potion of mutation]
 85468 | Depths:4 | Gained mutation: Your flesh is cold resistant. (rC+)
                  | [potion of mutation]
 85468 | Depths:4 | Gained mutation: You are partially covered in large bone
                  | plates. (SH +4) [potion of mutation]
 85608 | Hell     | Entered the Vestibule of Hell
 85608 | Hell     | Noticed Geryon
 85650 | Hell     | Killed Geryon
 85713 | Hell     | Found a gateway to the decaying netherworld of Tartarus.
 85760 | Hell     | Found a gateway to the ashen valley of Gehenna.
 85850 | Hell     | Found a gateway to the Iron City of Dis.
 85890 | Hell     | Found a gateway to the freezing wastes of Cocytus.
 86036 | Geh:1    | Entered Level 1 of Gehenna
 87240 | Geh:7    | Entered Level 7 of Gehenna
 87875 | Geh:7    | Identified the +7 sceptre of Asmodeus
 87875 | Geh:7    | Noticed Asmodeus
 87888 | Geh:7    | Killed Asmodeus
 87899 | Geh:7    | Got an obsidian rune of Zot
 88483 | Dis:1    | Entered Level 1 of the Iron City of Dis
 89283 | Dis:4    | You fall through a shaft!
 89495 | Dis:5    | You fall through a shaft!
 89631 | Dis:7    | Entered Level 7 of the Iron City of Dis
 89648 | Dis:7    | Found a huge runed gate.
 89648 | Dis:7    | Found a huge runed gate.
 89648 | Dis:7    | Found a huge runed gate.
 89976 | Dis:7    | Reached skill level 27 in Armour
 90353 | Dis:7    | Got a twitching copper ring
 90354 | Dis:7    | Identified the ring "Rama" {Wiz +Inv +Fly rC- Dex-2} (You
                  | found it on level 7 of the Iron City of Dis)
 90401 | Dis:7    | Identified the Reference Book on the Traveller and Ice
 90462 | Dis:7    | Identified the +4 staff of Dispater
 90462 | Dis:7    | Noticed Dispater
 90488 | Dis:7    | Killed Dispater
 90488 | Dis:7    | Reached skill level 27 in Shields
 90518 | Dis:7    | Got an iron rune of Zot
 90755 | Tar:1    | Entered Level 1 of Tartarus
 91087 | Tar:5    | You fall through a shaft!
 91091 | Tar:7    | Entered Level 7 of Tartarus
 91300 | Tar:7    | Identified the Tome of the Vitriolic Snowflakes
 91513 | Tar:7    | Noticed Ereshkigal
 91549 | Tar:7    | Killed Ereshkigal
 91581 | Tar:7    | Found the +10 dark maul {crush}
 91582 | Tar:7    | Got an iridescent broad axe
 91589 | Tar:7    | Got a bone rune of Zot
 91590 | Tar:7    | Identified the +6 broad axe "Conservator" {chop, rF- MR+
                  | Int+4} (You found it on level 7 of Tartarus)
 91595 | Tar:7    | Got a crude scimitar
 91596 | Tar:7    | Identified the +1 scimitar of War {slice, *Corrode +Blink
                  | rF+ rN+ Dex-5} (You found it on level 7 of Tartarus)
 93010 | Coc:1    | Entered Level 1 of Cocytus
 93448 | Coc:4    | Reached skill level 27 in Dodging
 93798 | Coc:5    | Reached skill level 1 in Spellcasting
 93838 | Coc:5    | Learned a level 7 spell: Dragon Form
 93897 | Coc:6    | Reached skill level 5 in Transmutations
 93902 | Coc:7    | Entered Level 7 of Cocytus
 94070 | Coc:7    | Noticed the Serpent of Hell
 94100 | Coc:7    | Killed the Serpent of Hell
 94148 | Coc:7    | Reached skill level 5 in Spellcasting
 94232 | Coc:7    | Noticed Antaeus
 94257 | Coc:7    | Killed Antaeus
 94699 | Coc:7    | Got an icy rune of Zot
 94703 | Coc:7    | Identified Coulescha's Reference Book on Boosting Earth
 95804 | Tomb:1   | Entered Level 1 of the Tomb of the Ancients
 96197 | Tomb:1   | Noticed a greater mummy
 96209 | Tomb:1   | Noticed a greater mummy
 96280 | Tomb:1   | Killed a greater mummy
 96280 | Tomb:1   | Reached skill level 10 in Transmutations
 96291 | Tomb:1   | Killed a greater mummy
 96899 | Tomb:2   | Noticed a greater mummy
 96900 | Tomb:2   | Noticed a greater mummy
 96900 | Tomb:2   | Noticed a greater mummy
 96902 | Tomb:2   | Noticed an ancient lich
 96902 | Tomb:2   | Noticed an ancient lich
 96914 | Tomb:2   | Killed an ancient lich
 96914 | Tomb:2   | Killed a greater mummy
 96916 | Tomb:2   | Killed an ancient lich
 96918 | Tomb:2   | Killed a greater mummy
 96919 | Tomb:2   | Killed a greater mummy
 98200 | Tomb:1   | Noticed a greater mummy
 98204 | Tomb:1   | Killed a greater mummy
 98230 | Tomb:1   | Noticed a greater mummy
 98232 | Tomb:1   | Noticed a greater mummy
 98240 | Tomb:1   | Killed a greater mummy
 98243 | Tomb:1   | Killed a greater mummy
 98333 | Tomb:1   | Noticed a greater mummy
 98339 | Tomb:1   | Killed a greater mummy
 98401 | Tomb:1   | Noticed a greater mummy
 98413 | Tomb:1   | Killed a greater mummy
 98630 | Tomb:1   | Noticed a greater mummy
 98634 | Tomb:1   | Noticed a greater mummy
 98640 | Tomb:1   | Killed a greater mummy
 98640 | Tomb:1   | Noticed a greater mummy
 98647 | Tomb:1   | Killed a greater mummy
 98649 | Tomb:1   | Noticed a greater mummy
 99389 | Tomb:1   | Killed a greater mummy
 99567 | Tomb:1   | Killed a greater mummy
 99636 | Tomb:1   | Noticed a greater mummy
 99696 | Tomb:1   | Killed a greater mummy
 99843 | Tomb:1   | Noticed a greater mummy
 99843 | Tomb:1   | Noticed a greater mummy
 99853 | Tomb:1   | Killed a greater mummy
 99858 | Tomb:1   | Killed a greater mummy
 99873 | Tomb:1   | Noticed a greater mummy
 99884 | Tomb:1   | Reached skill level 10 in Spellcasting
 99885 | Tomb:1   | Killed a greater mummy
 99992 | Tomb:2   | HP: 9/214 [poisoned by an ushabti (dark miasma)]
 99994 | Tomb:2   | HP: 3/321 [poisoned by an ushabti (dark miasma)]
 99995 | Tomb:2   | Engulfed by an ushabti's foul pestilence

Skill      XL: |  1  2  3  4  5  6  7  8  9 10 11 12 13 14 15 16 17 18 19 20 21 22 23 24 25 26 27 |
---------------+----------------------------------------------------------------------------------+-----
Long Blades    | 3 4 5 6 7 8 10 11 15 16 17 18 19 20 21 22 23 24 25 26 27 | 27.0
Dodging        | 1 2 3 4 5 6 7 8 9 10 11 12 13 14 15 16 17 18 19 27 | 27.0
Fighting       | 4 5 6 7 8 9 10 11 12 13 14 15 16 17 18 19 20 21 27 | 27.0
Armour         | 4 5 6 7 8 9 10 11 12 13 14 15 16 17 18 19 20 21 27 | 27.0
Shields        | 4 6 7 9 10 11 12 13 14 15 16 17 18 19 20 27 | 27.0
Invocations    | 1 3 4 5 6 7 8 9 10 11 12 13 14 15 16 17 26 | 26.4
Evocations     | 5 8 9 11 12 13 14 23 | 23.6
Transmutations | 12 | 12.2
Spellcasting   | 10 | 10.1

Action                   |  1- 3 |  4- 6 |  7- 9 | 10-12 | 13-15 | 16-18 | 19-21 | 22-24 | 25-27 || total
-------------------------+-------+-------+-------+-------+-------+-------+-------+-------+-------++-------
Melee: Long sword        |   101 |   174 |   278 |    19 |    92 |       |       |       |       ||   664
       Headbutt          |     8 |    35 |    63 |   140 |   180 |   180 |   313 |   437 |  1925 ||  3281
       Scimitar          |       |       |       |   612 |       |       |       |       |       ||   612
       Quick blade       |       |       |       |    26 |       |       |       |       |       ||    26
       Double sword      |       |       |       |       |   747 |   865 |  1106 |  1317 |  6173 || 10208
Throw: Tomahawk          |       |       |     3 |     4 |    11 |       |       |       |       ||    18
Invok: Heroism           |       |       |     2 |    10 |    23 |    24 |    26 |     6 |       ||    91
       Finesse           |       |       |       |     1 |     5 |     8 |    10 |     2 |       ||    26
       Divine Shield     |       |       |       |       |       |       |       |     7 |    67 ||    74
       Cleansing Flame   |       |       |       |       |       |       |       |     1 |    64 ||    65
       Brand Weapon With |       |       |       |       |       |       |       |     1 |       ||     1
       Summon Divine War |       |       |       |       |       |       |       |       |     1 ||     1
 Abil: Evoke Berserk Rag |       |       |       |     1 |       |       |       |     1 |    16 ||    18
       Evoke Flight      |       |       |       |       |       |       |       |     3 |       ||     3
Evoke: Wand              |       |       |       |       |       |       |       |       |     1 ||     1
  Use: Scroll            |     2 |     4 |    13 |    15 |    10 |    11 |    11 |    18 |    46 ||   130
       Potion            |       |     2 |     3 |     4 |     7 |     4 |     1 |     6 |    34 ||    61
 Stab: Invisible         |       |       |     1 |       |       |       |       |       |       ||     1
       Held in net/web   |       |       |       |       |       |     3 |       |       |       ||     3
       Distracted        |       |       |       |       |       |       |     1 |       |       ||     1
  Eat: Ration            |     1 |       |     2 |     2 |     2 |     6 |     3 |     9 |    40 ||    65
       Chunk             |       |     5 |     7 |    18 |    34 |    13 |    23 |     5 |    32 ||   137
Armor: Scale mail        |    29 |       |       |       |       |       |       |       |       ||    29
       Chain mail        |    28 |    69 |       |       |   130 |   262 |   137 |       |       ||   626
       Plate armour      |       |    38 |     9 |   101 |    51 |       |    71 |    17 |       ||   287
       Ring mail         |       |       |    81 |    51 |       |       |       |       |       ||   132
       Gold dragon scale |       |       |       |       |       |       |       |   217 |  1247 ||  1464
Dodge: Dodged            |    28 |    40 |   116 |   100 |   145 |   293 |   326 |   333 |  2004 ||  3385
Block: Shield            |    58 |    97 |   119 |       |       |       |       |   432 |  1047 ||  1753
       Large shield      |       |       |   117 |   545 |   692 |   891 |  1027 |   663 |  5730 ||  9665
       Reflection        |       |       |       |       |       |       |       |       |    82 ||    82
       Rpst.: Long sword |    10 |     9 |    30 |       |     5 |       |       |       |       ||    54
       Scimitar          |       |       |       |    23 |       |       |       |       |       ||    23
       Double sword      |       |       |       |       |    20 |    50 |    47 |    51 |   253 ||   421
